 Dungeon Crawl Stone Soup version 0.21-a0-344-g2144152 (webtiles) character file.

1096 tidbits the Charmwright (level 8, 0/94 HPs)
             Began as a Gnoll Skald on Oct 4, 2017.
             Slain by a killer bee (2 damage)
             ... on level 7 of the Dungeon.
             The game lasted 00:09:08 (1360 turns).

tidbits the Charmwright (Gnoll Skald)               Turns: 1360, Time: 00:09:09

Health: 0/94       AC: 24    Str: 14    XL:     8   Next: 31%
Magic:  11/16      EV:  2    Int: 22    God:
Gold:   214        SH:  0    Dex: 11    Spells: 7/18 levels left

rFire    + . .     SeeInvis .   k - +1 mace of the Extremely Mad {freeze, rF+ rC+ Dex-4} (curse)
rCold    + . .     Gourm    .   (no shield)
rNeg     + + +     Faith    .   (armour currently unavailable)
rPois    +         Spirit   .   (helmet currently unavailable)
rElec    .         Reflect  .   (cloak currently unavailable)
rCorr    .         Harm     .   (gloves currently unavailable)
MR       .....     NoTele   +   (boots currently unavailable)
Stlth    ++........             (no amulet)
HPRegen  0.25/turn              (no ring)
MPRegen  0.15/turn              (no ring)

@: brilliant, lethally poisoned (0 -> -4), tree-form (expiring)
A: distributed training, strong nose
a: no special abilities


You were on level 7 of the Dungeon.
You were very hungry.
You were a tree.
You visited 1 branch of the dungeon, and saw 7 of its levels.

You collected 214 gold pieces.

Inventory:

Hand Weapons
 a - a +2 whip of venom
   (You took it off an orc on level 3 of the Dungeon)
 h - a +0 long sword
 k - the cursed +1 mace of the Extremely Mad (weapon) {freeze, rF+ rC+ Dex-4}
   (You found it on level 5 of the Dungeon)

   It has been specially enchanted to freeze those struck by it, causing extra
   injury to most foes and up to half again as much damage against particularly
   susceptible opponents.
   It can also slow down cold-blooded creatures.
   It affects your dexterity (-4).
   It protects you from fire.
   It protects you from cold.
   It has a curse placed upon it.
 n - a +0 hand axe
 s - a +0 war axe
 v - a +0 hunting sling
 w - a +0 quarterstaff
Missiles
 g - 28 arrows
 m - 3 tomahawks (quivered)
 r - 2 throwing nets {!f}
 x - 18 sling bullets
Armour
 b - a +0 leather armour
 B - a +0 ring mail (melded)
 E - a +0 helmet (melded)
Jewellery
 o - an uncursed ring of fire
   (You took it off a goblin on level 3 of the Dungeon)
Scrolls
 e - 2 scrolls of identify
 q - 2 scrolls of teleportation
Potions
 i - 2 potions of curing
Books
 c - a book of Battle

   Spells                             Type                      Level
   a - Infusion                       Charms                       1
   b - Shroud of Golubria             Charms/Translocation         2
   c - Song of Slaying                Charms                       2
   d - Spectral Weapon                Hexes/Charms                 3
   e - Regeneration                   Charms/Necromancy            3
Comestibles
 d - 3 bread rations
 f - 2 royal jellies
 t - 4 chunks of flesh


   Skills:
 + Level 5.6 Fighting
 + Level 3.1 Short Blades
 + Level 3.1 Long Blades
 + Level 5.6 Axes
 + Level 3.1 Maces & Flails
 + Level 3.1 Polearms
 + Level 3.1 Staves
 + Level 3.1 Slings
 + Level 3.1 Bows
 + Level 3.1 Crossbows
 + Level 3.1 Throwing
 + Level 4.1 Armour
 + Level 5.6 Dodging
 + Level 3.1 Stealth
 + Level 3.1 Shields
 + Level 3.1 Unarmed Combat
 + Level 5.9 Spellcasting
 + Level 3.1 Conjurations
 + Level 3.1 Hexes
 + Level 7.3 Charms
 + Level 3.1 Summonings
 + Level 3.1 Necromancy
 + Level 3.1 Translocations
 + Level 3.1 Transmutations
 + Level 3.1 Fire Magic
 + Level 3.1 Ice Magic
 + Level 3.1 Air Magic
 + Level 3.1 Earth Magic
 + Level 3.1 Poison Magic
 + Level 3.1 Invocations
 + Level 3.1 Evocations


You had 7 spell levels left.
You knew the following spells:

 Your Spells              Type           Power        Failure   Level  Hunger
g - Shroud of Golubria    Chrm/Tloc      #####.....   1%          2    None
i - Infusion              Chrm           ####         1%          1    None
r - Regeneration          Chrm/Necr      #####.....   1%          3    #......
w - Spectral Weapon       Hex/Chrm       #####...     1%          3    #......
y - Song of Slaying       Chrm           ######..     1%          2    None


Dungeon Overview and Level Annotations

Branches:
Dungeon (7/15)
 Temple: D:4-7

Altars:
Gozag


Innate Abilities, Weirdness & Mutations

Your experience applies equally to all skills.
((You have very sharp teeth.))
Your uncanny sense of smell can sniff out nearby items.


Message History

The killer bee stings you but does no damage.
You feel better. The killer bee stings you.
* * * LOW HITPOINT WARNING * * *
The killer bee stings you but does no damage. x3
The killer bee stings you.
* * * LOW HITPOINT WARNING * * *
The killer bee stings you but does no damage.
Casting: Spectral Weapon
Confirm with . or Enter, or press ? or * to list all spells.
You draw out your weapon's spirit!
The killer bee stings you but does no damage. x3
The killer bee stings you.
* * * LOW HITPOINT WARNING * * *
The killer bee stings you.
* * * LOW HITPOINT WARNING * * *
The killer bee stings you but does no damage.
Casting: Spectral Weapon
Confirm with . or Enter, or press ? or * to list all spells.
Your skin crawls.
The killer bee stings you but does no damage.
The killer bee stings you.
* * * LOW HITPOINT WARNING * * *
You are poisoned.
The killer bee poisons you!
The killer bee stings you but does no damage. x4
You miss the killer bee.
You feel sick.
The killer bee stings you but does no damage.
The killer bee barely misses you.
The killer bee stings you but does no damage.
Your spectral weapon barely misses the killer bee.
The killer bee barely misses you.
The killer bee stings you but does no damage. x2
You closely miss the killer bee.
You feel sick.
Your spectral weapon hits the killer bee.
Your spectral weapon freezes the killer bee.
The killer bee stings you but does no damage. x5
The killer bee stings you.
* * * LOW HITPOINT WARNING * * *
The killer bee stings you but does no damage. x3
You barely miss the killer bee.
The killer bee is lightly wounded.
You feel sick.
Your spectral weapon hits the killer bee but does no damage.
The killer bee stings you but does no damage. x4
The killer bee stings you.
* * * LOW HITPOINT WARNING * * *
You are more poisoned.
The killer bee poisons you!
The killer bee stings you but does no damage.
You sock the killer bee! You freeze the killer bee.
The killer bee is severely wounded.
You feel sick.
Your spectral weapon hits the killer bee.
Your spectral weapon freezes the killer bee.
You kill the killer bee!
The killer bee stings you but does no damage. x6
You closely miss the killer bee.
The killer bee is moderately wounded.
Your skin is crawling a little less now.
You feel sick.
Your spectral weapon hits the killer bee!
Your spectral weapon freezes the killer bee.
The killer bee stings you but does no damage. x4
You completely miss the killer bee.
The killer bee is almost dead.
Your transformation is almost over.
You are feeling very hungry.
You feel sick.
Your spectral weapon closely misses the killer bee.
The killer bee stings you but does no damage. x2
The killer bee stings you.
* * * LOW HITPOINT WARNING * * *
The killer bee stings you but does no damage. x3
You closely miss the killer bee.
The killer bee is almost dead.
You feel sick.
Your spectral weapon closely misses the killer bee.
The killer bee stings you but does no damage. x4
You hit the killer bee but do no damage.
The killer bee is almost dead.
You feel sick.
Your spectral weapon hits the killer bee.
Your spectral weapon freezes the killer bee.
You kill the killer bee!
The killer bee stings you but does no damage. x3
You hit the killer bee. You freeze the killer bee.
The killer bee is lightly wounded.
Your skin stops crawling.
You feel sick.
The killer bee stings you but does no damage. x4
The killer bee stings you.
* * * LOW HITPOINT WARNING * * *
You thump the killer bee! You freeze the killer bee.
The killer bee is severely wounded.
* * * LOW HITPOINT WARNING * * *
You feel sick.
Your spectral weapon misses the killer bee.
The killer bee stings you but does no damage.
The killer bee stings you.
You die...

#.#.#...........#
#...########.#####
#...##.....(.[...#
#........###.#.###
∆ #...##.#.....#.#
#.#)##.##...##.#
#.#oy#.#.....#.#
y.##y#†#......<#
.####y♣.#..##.#.#
#y #(..#.......#
∆y #...#.....###
.. ##..####### #.
#?.# ...# .#.# !
..


You could see 3 killer bees, an orc and a friendly spectral mace of the
Extremely Mad {freeze, rF+ rC+ Dex-4}.

Vanquished Creatures
  Joseph (D:7)
  An ice beast (D:5)
  A sky beast (D:6)
  A phantom (D:6)
  A scorpion (D:7)
  3 killer bees (D:7)
  A howler monkey (D:5)
  A bullfrog zombie (D:7)
  An orc priest (D:3)
  An iguana (D:7)
  3 worker ants
  3 gnolls (D:3)
  4 adders
  2 worms
  10 orcs
  3 giant cockroaches
  2 goblins
  2 hobgoblins
  4 jackals (D:3)
  2 kobolds (D:1)
  2 quokkas
  4 bats
  2 frilled lizards
  5 rats
  A fungus (D:3)
61 creatures vanquished.

Notes
Turn   | Place    | Note
-------+----------+-------------------------------------------
     0 | D:1      | tidbits the Gnoll Skald began the quest for the Orb.
     0 | D:1      | Reached XP level 1. HP: 20/20 MP: 6/6
   119 | D:1      | Reached XP level 2. HP: 24/26 MP: 1/7
   230 | D:2      | Learned a level 2 spell: Song of Slaying
   233 | D:2      | Learned a level 2 spell: Shroud of Golubria
   287 | D:2      | Reached XP level 3. HP: 30/31 MP: 9/9
   292 | D:2      | Learned a level 3 spell: Regeneration
   296 | D:2      | Learned a level 3 spell: Spectral Weapon
   325 | D:3      | Reached skill level 5 in Spellcasting
   407 | D:4      | Found an opulent altar of Gozag.
   441 | D:4      | Reached skill level 1 in Short Blades
   441 | D:4      | Reached skill level 1 in Long Blades
   441 | D:4      | Reached skill level 1 in Maces & Flails
   441 | D:4      | Reached skill level 1 in Polearms
   441 | D:4      | Reached skill level 1 in Staves
   441 | D:4      | Reached skill level 1 in Slings
   441 | D:4      | Reached skill level 1 in Bows
   441 | D:4      | Reached skill level 1 in Crossbows
   441 | D:4      | Reached skill level 1 in Throwing
   441 | D:4      | Reached skill level 1 in Stealth
   441 | D:4      | Reached skill level 1 in Shields
   441 | D:4      | Reached skill level 1 in Unarmed Combat
   441 | D:4      | Reached skill level 1 in Conjurations
   441 | D:4      | Reached skill level 1 in Hexes
   441 | D:4      | Reached skill level 1 in Summonings
   441 | D:4      | Reached skill level 1 in Necromancy
   441 | D:4      | Reached skill level 1 in Translocations
   441 | D:4      | Reached skill level 1 in Transmutations
   441 | D:4      | Reached skill level 1 in Fire Magic
   441 | D:4      | Reached skill level 1 in Ice Magic
   441 | D:4      | Reached skill level 1 in Air Magic
   441 | D:4      | Reached skill level 1 in Earth Magic
   441 | D:4      | Reached skill level 1 in Poison Magic
   441 | D:4      | Reached skill level 1 in Invocations
   441 | D:4      | Reached skill level 1 in Evocations
   441 | D:4      | Reached XP level 4. HP: 32/38 MP: 7/11
   494 | D:3      | Reached XP level 5. HP: 20/43 MP: 5/12
   648 | D:3      | Reached skill level 3 in Armour
   751 | D:5      | Entered Level 5 of the Dungeon
   862 | D:5      | Reached XP level 6. HP: 44/50 MP: 9/13
   888 | D:5      | Noticed an ice beast
   897 | D:5      | Killed an ice beast
   897 | D:5      | Reached skill level 5 in Fighting
   897 | D:5      | Reached skill level 2 in Short Blades
   897 | D:5      | Reached skill level 2 in Long Blades
   897 | D:5      | Reached skill level 5 in Axes
   897 | D:5      | Reached skill level 2 in Maces & Flails
   897 | D:5      | Reached skill level 2 in Polearms
   897 | D:5      | Reached skill level 2 in Staves
   897 | D:5      | Reached skill level 2 in Slings
   897 | D:5      | Reached skill level 2 in Bows
   897 | D:5      | Reached skill level 2 in Crossbows
   897 | D:5      | Reached skill level 2 in Throwing
   897 | D:5      | Reached skill level 5 in Dodging
   897 | D:5      | Reached skill level 2 in Stealth
   897 | D:5      | Reached skill level 2 in Shields
   897 | D:5      | Reached skill level 2 in Unarmed Combat
   897 | D:5      | Reached skill level 2 in Conjurations
   897 | D:5      | Reached skill level 2 in Hexes
   897 | D:5      | Reached skill level 2 in Summonings
   897 | D:5      | Reached skill level 2 in Necromancy
   897 | D:5      | Reached skill level 2 in Translocations
   897 | D:5      | Reached skill level 2 in Transmutations
   897 | D:5      | Reached skill level 2 in Fire Magic
   897 | D:5      | Reached skill level 2 in Ice Magic
   897 | D:5      | Reached skill level 2 in Air Magic
   897 | D:5      | Reached skill level 2 in Earth Magic
   897 | D:5      | Reached skill level 2 in Poison Magic
   897 | D:5      | Reached skill level 2 in Invocations
   897 | D:5      | Reached skill level 2 in Evocations
   908 | D:5      | Got a slimy mace
   909 | D:5      | Identified the cursed +1 mace of the Extremely Mad {freeze, rF+ rC+ Dex-4} (You found it on level 5 of the Dungeon)
  1133 | D:6      | Noticed a phantom
  1134 | D:6      | Noticed a sky beast
  1148 | D:6      | Killed a sky beast
  1148 | D:6      | Reached XP level 7. HP: 42/56 MP: 12/15
  1170 | D:6      | Reached skill level 7 in Charms
  1253 | D:7      | Noticed Joseph
  1271 | D:7      | Killed Joseph
  1271 | D:7      | Reached XP level 8. HP: 34/63 MP: 8/16
  1333 | D:7      | Reached skill level 4 in Armour
  1334 | D:7      | HP: 5/63 [killer bee (3)]
  1339 | D:7      | Reached skill level 3 in Short Blades
  1339 | D:7      | Reached skill level 3 in Long Blades
  1339 | D:7      | Reached skill level 3 in Maces & Flails
  1339 | D:7      | Reached skill level 3 in Polearms
  1339 | D:7      | Reached skill level 3 in Staves
  1339 | D:7      | Reached skill level 3 in Slings
  1339 | D:7      | Reached skill level 3 in Bows
  1339 | D:7      | Reached skill level 3 in Crossbows
  1339 | D:7      | Reached skill level 3 in Throwing
  1339 | D:7      | Reached skill level 3 in Stealth
  1339 | D:7      | Reached skill level 3 in Shields
  1339 | D:7      | Reached skill level 3 in Unarmed Combat
  1339 | D:7      | Reached skill level 3 in Conjurations
  1339 | D:7      | Reached skill level 3 in Hexes
  1339 | D:7      | Reached skill level 3 in Summonings
  1339 | D:7      | Reached skill level 3 in Necromancy
  1339 | D:7      | Reached skill level 3 in Translocations
  1339 | D:7      | Reached skill level 3 in Transmutations
  1339 | D:7      | Reached skill level 3 in Fire Magic
  1339 | D:7      | Reached skill level 3 in Ice Magic
  1339 | D:7      | Reached skill level 3 in Air Magic
  1339 | D:7      | Reached skill level 3 in Earth Magic
  1339 | D:7      | Reached skill level 3 in Poison Magic
  1339 | D:7      | Reached skill level 3 in Invocations
  1339 | D:7      | Reached skill level 3 in Evocations
  1342 | D:7      | HP: 9/94 [killer bee (4)]
  1352 | D:7      | HP: 7/94 [killer bee (4)]
  1357 | D:7      | HP: 7/94 [poisoned by a killer bee]
  1359 | D:7      | HP: 2/94 [killer bee (4)]
  1360 | D:7      | Slain by a killer bee

Vault maps used:
D:1:      grunt_arrival_crossed_arrows, st_stairs_7
D:2:      old_standard_altar
D:3:      kennysheep_goblin_castle, minmay_gold_behind_fungi
D:4:      okawaru_trees_1, kennysheep_little_box, minmay_temple_entry_hall,
          first_bread, uniq_pikel
D:5:      serial_shops, shop, shop_fountains, nicolae_shop_stone
D:6:      nicolae_ru_great_annihilating_truth
D:7:      corexii_item_surrounded_by_moat, uniq_duvessa, uniq_joseph

Skill      XL: |  1  2  3  4  5  6  7  8 |
---------------+-------------------------+-----
Spellcasting   | 5 |  5.9
Short Blades   | 1 2 3 |  3.1
Long Blades    | 1 2 3 |  3.1
Maces & Flails | 1 2 3 |  3.1
Polearms       | 1 2 3 |  3.1
Staves         | 1 2 3 |  3.1
Slings         | 1 2 3 |  3.1
Bows           | 1 2 3 |  3.1
Crossbows      | 1 2 3 |  3.1
Throwing       | 1 2 3 |  3.1
Stealth        | 1 2 3 |  3.1
Shields        | 1 2 3 |  3.1
Unarmed Combat | 1 2 3 |  3.1
Conjurations   | 1 2 3 |  3.1
Hexes          | 1 2 3 |  3.1
Summonings     | 1 2 3 |  3.1
Necromancy     | 1 2 3 |  3.1
Translocations | 1 2 3 |  3.1
Transmutations | 1 2 3 |  3.1
Fire Magic     | 1 2 3 |  3.1
Ice Magic      | 1 2 3 |  3.1
Air Magic      | 1 2 3 |  3.1
Earth Magic    | 1 2 3 |  3.1
Poison Magic   | 1 2 3 |  3.1
Invocations    | 1 2 3 |  3.1
Evocations     | 1 2 3 |  3.1
Armour         | 3 4 |  4.1
Fighting       | 5 |  5.6
Axes           | 5 |  5.6
Dodging        | 5 |  5.6
Charms         | 7 |  7.3

Action                   |  1- 3 |  4- 6 |  7- 9 || total
-------------------------+-------+-------+-------++-------
Melee: Hand axe          |    12 |       |       ||    12
       Bite              |     2 |     8 |     6 ||    16
       Long sword        |    20 |    25 |       ||    45
       Whip              |       |    38 |       ||    38
       Mace              |       |     9 |    60 ||    69
 Cast: Infusion          |     5 |       |       ||     5
       Spectral Weapon   |     3 |    10 |     6 ||    19
       Regeneration      |       |     5 |     5 ||    10
  Use: Scroll            |       |     4 |     2 ||     6
       Potion            |       |     1 |     5 ||     6
 Stab: Sleeping          |       |     1 |     1 ||     2
  Eat: Chunk             |       |     2 |     1 ||     3
Armor: Leather armour    |     7 |       |       ||     7
       Ring mail         |       |     4 |    10 ||    14
       Skin              |       |       |   124 ||   124
Dodge: Dodged            |    33 |    56 |    55 ||   144
       Rpst.: Long sword |    10 |     7 |       ||    17

Table legend:
 A = Spawn XP
 B = Non-spawn XP
 C = Spawn XP percentage of total XP
 D = Spawn monster count
 E = Non-spawn monster count
 F = Spawn count percentage of total count
 G = Total turns spent on level
                    A         B        C        D         E        F      G
               +---------+---------+-------+---------+---------+-------+---------
         Total |       0 |    1566 |   0.0 |       0 |      60 |   0.0 |  1360
               +---------+---------+-------+---------+---------+-------+---------
           D:1 |       0 |      11 |   0.0 |       0 |       7 |   0.0 |   133
           D:2 |       0 |      24 |   0.0 |       0 |       8 |   0.0 |   172
           D:3 |       0 |     138 |   0.0 |       0 |      23 |   0.0 |   342
           D:4 |       0 |      63 |   0.0 |       0 |       4 |   0.0 |   104
           D:5 |       0 |     249 |   0.0 |       0 |       4 |   0.0 |   205
           D:6 |       0 |     262 |   0.0 |       0 |       3 |   0.0 |   259
           D:7 |       0 |     819 |   0.0 |       0 |      11 |   0.0 |   145
               +---------+---------+-------+---------+---------+-------+---------

Table legend:
 A = Turns spent in this place as a percentage of turns spent in the entire game.
 B = Non-inter-level travel turns spent in this place as a percentage of non-inter-level travel turns spent in the entire game.
 C = Inter-level travel turns spent in this place as a percentage of turns spent in this place.
 D = Turns resting spent in this place as a percentage of non-inter-level travel turns spent in this place.
 E = Turns spent auto-exploring this place as a percentage of non-inter-level travel turns spent in this place.
 F = Non-inter-level travel turns spent in this place divided by the number of levels of this place that you've seen.
                   A       B       C       D       E      F
               +-------+-------+-------+-------+-------+----------------------
         Total | 100.0 | 100.0 |   3.8 |   0.0 |   0.0 | 187.0
       Dungeon | 100.0 | 100.0 |   3.8 |   0.0 |   0.0 | 187.0
               +-------+-------+-------+-------+-------+----------------------

Table legend:
 A = Kills in this place as a percentage of kills in entire the game.
 B = Kills by you in this place as a percentage of kills by you in the entire game.
 C = Kills by friends in this place as a percentage of kills by friends in the entire game.
 D = Other kills in this place as a percentage of other kills in the entire game.
 E = Experience gained in this place as a percentage of experience gained in the entire game.
 F = Experience gained in this place divided by the number of levels of this place that you have seen.
                   A       B       C       D       E      F
               +-------+-------+-------+-------+-------+----------------------
         Total | 100.0 | 100.0 |   N/A |   N/A | 100.0 | 223.7
       Dungeon | 100.0 | 100.0 |   N/A |   N/A | 100.0 | 223.7
               +-------+-------+-------+-------+-------+----------------------

Vault maps used:
D:1:      grunt_arrival_crossed_arrows, st_stairs_7
D:2:      old_standard_altar
D:3:      kennysheep_goblin_castle, minmay_gold_behind_fungi
D:4:      okawaru_trees_1, kennysheep_little_box, minmay_temple_entry_hall,
          first_bread, uniq_pikel
D:5:      serial_shops, shop, shop_fountains, nicolae_shop_stone
D:6:      nicolae_ru_great_annihilating_truth
D:7:      corexii_item_surrounded_by_moat, uniq_duvessa, uniq_joseph
